| TOP OF THE 1ST |
|
New York Yankees batting - Pitching for Baltimore Orioles : RHP John Piccola
|
|
Pitching: RHP John Piccola
|
|
|
Batting: LHB Jordan de Jesus
|
0-0: Called Strike 0-1: Swinging Strike 0-2: Strikes out swinging
|
|
Batting: RHB Russ Shambaugh
|
0-0: Ball 1-0: Swinging Strike 1-1: Ground out 6-3 (Groundball, 6M, EV 102.5 MPH)
|
|
Batting: SHB Bartholomeu Chambino
|
0-0: Ball 1-0: Called Strike 1-1: Ball 2-1: Fly out, F8 (Line Drive, 8RD, EV 95.0 MPH)
|
| Top of the 1st over - 0 runs, 0 hits, 0 errors, 0 left on base; New York 0 - Baltimore 0 |
| BOTTOM OF THE 1ST |
|
Baltimore Orioles batting - Pitching for New York Yankees : LHP Joel Pacheco
|
|
Pitching: LHP Joel Pacheco
|
|
|
Batting: RHB Rudo Garciaparra
|
0-0: SOLO HOME RUN (Flyball, 7D, EV 95.6 MPH), Distance : 370 ft
|
|
Batting: RHB Tenshou Takita
|
0-0: Ground out 5-3 (Groundball, 56, EV 90.6 MPH)
|
|
Batting: RHB Saimei Kudo
|
0-0: Ball 1-0: Ball 2-0: Foul Ball, location: 2F 2-1: Ball 3-1: Called Strike 3-2: Reached on error, E6 (Groundball, 6, EV 85.6 MPH)
|
|
Batting: SHB Jason Hayes
|
0-0: Called Strike Saimei Kudo steals 2nd base 0-1: Ball 1-1: Ball 2-1: Called Strike 2-2: Ground out 4-3 (Groundball, 4, EV 97.5 MPH) Saimei Kudo to third
|
|
Batting: RHB Vince Jackson
|
0-0: Ball 1-0: Called Strike 1-1: Swinging Strike 1-2: Ball 2-2: Strikes out swinging
|
| Bottom of the 1st over - 1 run, 1 hit, 1 error, 1 left on base; New York 0 - Baltimore 1 |
| TOP OF THE 2ND |
|
New York Yankees batting - Pitching for Baltimore Orioles : RHP John Piccola
|
|
Batting: LHB Jim Skare
|
0-0: Ball 1-0: Ball 2-0: Fly out, F8 (Flyball, 8LD, EV 96.2 MPH)
|
|
Batting: RHB Adriaan Pieters
|
0-0: Called Strike 0-1: Ball 1-1: Ball 2-1: Foul Ball, location: 2F 2-2: Ball 3-2: Ground out 3-1 (Groundball, 34, EV 106.2 MPH)
|
|
Batting: RHB Shiro Suehiro
|
0-0: Called Strike 0-1: Called Strike 0-2: Ball 1-2: Strikes out looking
|
| Top of the 2nd over - 0 runs, 0 hits, 0 errors, 0 left on base; New York 0 - Baltimore 1 |
| BOTTOM OF THE 2ND |
|
Baltimore Orioles batting - Pitching for New York Yankees : LHP Joel Pacheco
|
|
Batting: RHB Alex Rodriguez Jr.
|
0-0: Called Strike 0-1: Ball 1-1: Swinging Strike 1-2: Ball 2-2: SINGLE (Groundball, 25, EV 74.4 MPH) (infield hit)
|
|
Batting: RHB Marc Peckermark
|
0-0: SINGLE (Line Drive, 3D, EV 105.0 MPH) Alex Rodriguez Jr. to second
|
|
Batting: LHB Brian Feher
|
0-0: Called Strike 0-1: Ball 1-1: Swinging Strike 1-2: Strikes out looking
|
|
Batting: SHB Eduardo Maldonado
|
0-0: Foul Ball, location: 2F 0-1: Ball 1-1: Ball 2-1: Grounds into double play, 6-4-3 (Groundball, 6, EV 105.0 MPH)
|
| Bottom of the 2nd over - 0 runs, 2 hits, 0 errors, 1 left on base; New York 0 - Baltimore 1 |
| TOP OF THE 3RD |
|
New York Yankees batting - Pitching for Baltimore Orioles : RHP John Piccola
|
|
Batting: RHB Geni Prawiranega
|
0-0: Swinging Strike 0-1: Called Strike 0-2: Foul Ball, location: 2F 0-2: Strikes out looking
|
|
Batting: RHB James Boynton
|
0-0: Called Strike 0-1: Ball 1-1: Called Strike 1-2: Foul Ball, location: 2F 1-2: Ball 2-2: Ball 3-2: Strikes out swinging
|
|
Batting: RHB Mike Gifford
|
0-0: Ball 1-0: Called Strike 1-1: Ball 2-1: Ball 3-1: Base on Balls
|
|
Batting: LHB Jordan de Jesus
|
0-0: Ball 1-0: Ball Mike Gifford steals 2nd base 2-0: Ball 3-0: Called Strike 3-1: Base on Balls
|
|
Batting: RHB Russ Shambaugh
|
0-0: Swinging Strike 0-1: Ball 1-1: Called Strike 1-2: Ball 2-2: Ball 3-2: Ground out 6-3 (Groundball, 6, EV 91.9 MPH)
|
| Top of the 3rd over - 0 runs, 0 hits, 0 errors, 2 left on base; New York 0 - Baltimore 1 |
| BOTTOM OF THE 3RD |
|
Baltimore Orioles batting - Pitching for New York Yankees : LHP Joel Pacheco
|
|
Batting: RHB Rudo Garciaparra
|
0-0: Ball 1-0: Foul Ball, location: 2F 1-1: Ball 2-1: SINGLE (Line Drive, 4MD, EV 100.0 MPH)
|
|
Batting: RHB Tenshou Takita
|
0-0: Called Strike Rudo Garciaparra is caught stealing 2nd base 2-4 0-1: Swinging Strike 0-2: Fly out, F3 (Flyball, 3D, EV 94.4 MPH)
|
|
Batting: RHB Saimei Kudo
|
0-0: Ball 1-0: Called Strike 1-1: Foul Ball, location: 2F 1-2: Ball 2-2: Ball 3-2: Foul Ball, location: 2F 3-2: Base on Balls
|
|
Batting: SHB Jason Hayes
|
0-0: Foul Ball, location: 2F 0-1: Ball 1-1: Fielders Choice at 2nd, 6-4 (Groundball, 6, EV 105.0 MPH)
|
| Bottom of the 3rd over - 0 runs, 1 hit, 0 errors, 1 left on base; New York 0 - Baltimore 1 |
| TOP OF THE 4TH |
|
New York Yankees batting - Pitching for Baltimore Orioles : RHP John Piccola
|
|
Batting: SHB Bartholomeu Chambino
|
0-0: Ball 1-0: Ball 2-0: Foul Ball, location: 2F 2-1: Fly out, F7 (Flyball, 7LSF, EV 89.4 MPH)
|
|
Batting: LHB Jim Skare
|
0-0: Ball 1-0: SINGLE (Groundball, 4MD, EV 96.9 MPH)
|
|
Batting: RHB Adriaan Pieters
|
0-0: Ball 1-0: Called Strike 1-1: Swinging Strike 1-2: Foul Ball, location: 2F 1-2: Strikes out looking
|
|
Batting: RHB Shiro Suehiro
|
0-0: Foul Ball, location: 2F 0-1: Ball 1-1: Ball 2-1: Hit by Pitch Jim Skare to second
|
|
Batting: RHB Geni Prawiranega
|
0-0: Fly out, F8 (Flyball, 8LM, EV 96.9 MPH)
|
| Top of the 4th over - 0 runs, 1 hit, 0 errors, 2 left on base; New York 0 - Baltimore 1 |
| BOTTOM OF THE 4TH |
|
Baltimore Orioles batting - Pitching for New York Yankees : LHP Joel Pacheco
|
|
Batting: RHB Vince Jackson
|
0-0: Ground out 6-3 (Groundball, 6MD, EV 106.2 MPH)
|
|
Batting: RHB Alex Rodriguez Jr.
|
0-0: Called Strike 0-1: Ball 1-1: Called Strike 1-2: Ball 2-2: Foul Ball, location: 2F 2-2: Foul Ball, location: 2F 2-2: Ball 3-2: Fly out, F8 (Line Drive, 8RD, EV 109.4 MPH)
|
|
Batting: RHB Marc Peckermark
|
0-0: Foul Ball, location: 2F 0-1: Swinging Strike 0-2: Strikes out swinging
|
| Bottom of the 4th over - 0 runs, 0 hits, 0 errors, 0 left on base; New York 0 - Baltimore 1 |
| TOP OF THE 5TH |
|
New York Yankees batting - Pitching for Baltimore Orioles : RHP John Piccola
|
|
Batting: RHB James Boynton
|
0-0: Swinging Strike 0-1: Ball 1-1: Fly out, F8 (Flyball, 89M, EV 96.9 MPH)
|
|
Batting: RHB Mike Gifford
|
0-0: Called Strike 0-1: Swinging Strike 0-2: Strikes out swinging
|
|
Batting: LHB Jordan de Jesus
|
0-0: Ball 1-0: Ground out 5-3 (Groundball, 56, EV 102.5 MPH)
|
| Top of the 5th over - 0 runs, 0 hits, 0 errors, 0 left on base; New York 0 - Baltimore 1 |
| BOTTOM OF THE 5TH |
|
Baltimore Orioles batting - Pitching for New York Yankees : LHP Joel Pacheco
|
|
Batting: LHB Brian Feher
|
0-0: Called Strike 0-1: Ball 1-1: Ground out 4-3 (Groundball, 4, EV 88.1 MPH)
|
|
Batting: SHB Eduardo Maldonado
|
0-0: Swinging Strike 0-1: Called Strike 0-2: Strikes out swinging
|
|
Batting: RHB Rudo Garciaparra
|
0-0: Ball 1-0: Ball 2-0: Called Strike 2-1: Foul Ball, location: 2F 2-2: Ball 3-2: Foul Ball, location: 2F 3-2: Foul Ball, location: 2F 3-2: Fly out, F9 (Line Drive, 89M, EV 90.6 MPH)
|
| Bottom of the 5th over - 0 runs, 0 hits, 0 errors, 0 left on base; New York 0 - Baltimore 1 |
| TOP OF THE 6TH |
|
New York Yankees batting - Pitching for Baltimore Orioles : RHP John Piccola
|
|
Batting: RHB Russ Shambaugh
|
0-0: Ball 1-0: Ball 2-0: Ball 3-0: Base on Balls
|
|
Batting: SHB Bartholomeu Chambino
|
0-0: Called Strike 0-1: Ball 1-1: Called Strike 1-2: Foul Ball, location: 2F 1-2: Foul Ball, location: 2F 1-2: Foul Ball, location: 2F 1-2: Strikes out looking
|
|
Batting: LHB Jim Skare
|
0-0: Called Strike 0-1: Called Strike Russ Shambaugh is caught stealing 2nd base 2-6 0-2: Ball 1-2: Foul Ball, location: 2F 1-2: Fly out, F6 (Popup, 6MD, EV 58.8 MPH)
|
| Top of the 6th over - 0 runs, 0 hits, 0 errors, 0 left on base; New York 0 - Baltimore 1 |
| BOTTOM OF THE 6TH |
|
Baltimore Orioles batting - Pitching for New York Yankees : LHP Joel Pacheco
|
|
Batting: RHB Tenshou Takita
|
0-0: Foul Ball, location: 2F 0-1: Foul Ball, location: 2F 0-2: Ball 1-2: Ground out 4-3 (Groundball, 4, EV 82.5 MPH)
|
|
Batting: RHB Saimei Kudo
|
0-0: Ball 1-0: Ball 2-0: Ground out 6-3 (Groundball, 6, EV 79.4 MPH)
|
|
Batting: SHB Jason Hayes
|
0-0: Foul Ball, location: 2F 0-1: Foul Ball, location: 2F 0-2: Ball 1-2: Ball 2-2: Strikes out swinging
|
| Bottom of the 6th over - 0 runs, 0 hits, 0 errors, 0 left on base; New York 0 - Baltimore 1 |
| TOP OF THE 7TH |
|
New York Yankees batting - Pitching for Baltimore Orioles : RHP John Piccola
|
|
Batting: RHB Adriaan Pieters
|
0-0: Called Strike 0-1: Ball 1-1: Called Strike 1-2: Fly out, F8 (Flyball, 89M, EV 72.5 MPH)
|
|
Batting: RHB Shiro Suehiro
|
0-0: Called Strike 0-1: Ball 1-1: Swinging Strike 1-2: Ball 2-2: Foul Ball, location: 2F 2-2: Foul Ball, location: 2F 2-2: Strikes out looking
|
|
Batting: RHB Geni Prawiranega
|
0-0: Swinging Strike 0-1: Ball 1-1: SINGLE (Flyball, 34D, EV 96.2 MPH)
|
|
Pitching: RHP Bobby Marble
|
|
|
Batting: RHB James Boynton
|
0-0: Ball Geni Prawiranega steals 2nd base (no throw) 1-0: Ball 2-0: Ball 3-0: Called Strike 3-1: Base on Balls
|
|
Batting: RHB Mike Gifford
|
0-0: Ball 1-0: Ball 2-0: SINGLE (Groundball, 3D, EV 97.5 MPH) Geni Prawiranega to third James Boynton to second Runner from 3rd tries for Home, throw by RF and OUT! 9-2
|
| Top of the 7th over - 0 runs, 2 hits, 0 errors, 2 left on base; New York 0 - Baltimore 1 |
| BOTTOM OF THE 7TH |
|
Baltimore Orioles batting - Pitching for New York Yankees : LHP Joel Pacheco
|
|
Pitching: RHP Dave Barry
|
|
|
Batting: RHB Vince Jackson
|
0-0: Fly out, F8 (Line Drive, 8LD, EV 104.4 MPH)
|
|
Batting: RHB Alex Rodriguez Jr.
|
0-0: Ball 1-0: Ball 2-0: Swinging Strike 2-1: Called Strike 2-2: Ball 3-2: Base on Balls
|
|
Batting: RHB Marc Peckermark
|
0-0: Called Strike 0-1: Called Strike 0-2: Foul Ball, location: 2F 0-2: Ball 1-2: Hit by Pitch Alex Rodriguez Jr. to second
|
|
Batting: LHB Brian Feher
|
0-0: Swinging Strike 0-1: Reached on error, E6 (Groundball, 6, EV 86.2 MPH) Alex Rodriguez Jr. to third Marc Peckermark to second
|
|
Batting: SHB Eduardo Maldonado
|
0-0: Fly out, F7 (Flyball, 7S, EV 85.0 MPH)
|
|
Batting: RHB Rudo Garciaparra
|
0-0: Foul Ball, location: 2F 0-1: Ball 1-1: Ball 2-1: Ball 3-1: Base on Balls Alex Rodriguez Jr. scores Marc Peckermark to third Brian Feher to second
|
|
Pinch Hitting: SHB Cesar Herrera
|
0-0: Called Strike 0-1: Fly out, F7 (Line Drive, 78M, EV 100.6 MPH)
|
| Bottom of the 7th over - 1 run, 0 hits, 1 error, 3 left on base; New York 0 - Baltimore 2 |
| TOP OF THE 8TH |
|
New York Yankees batting - Pitching for Baltimore Orioles : RHP Bobby Marble
|
|
Now at 1B: Aldo Questi
|
|
|
Batting: LHB Jordan de Jesus
|
0-0: Called Strike 0-1: Ball 1-1: Foul Ball, location: 2F 1-2: Foul Ball, location: 2F 1-2: SINGLE (Groundball, 5L, EV 98.1 MPH)
|
|
Batting: RHB Russ Shambaugh
|
0-0: Fly out, F7 (Flyball, 7S, EV 80.0 MPH)
|
|
Batting: SHB Bartholomeu Chambino
|
0-0: Ball 1-0: Ball 2-0: Foul Ball, location: 2F 2-1: Called Strike 2-2: Ball 3-2: Foul Ball, location: 2F 3-2: Fly out, F7 (Flyball, 78M, EV 93.1 MPH)
|
|
Batting: LHB Jim Skare
|
0-0: Called Strike 0-1: Fly out, F8 (Flyball, 8LD, EV 107.5 MPH)
|
| Top of the 8th over - 0 runs, 1 hit, 0 errors, 1 left on base; New York 0 - Baltimore 2 |
| BOTTOM OF THE 8TH |
|
Baltimore Orioles batting - Pitching for New York Yankees : RHP Dave Barry
|
|
Pitching: RHP Leo Gonzales
|
|
|
Batting: RHB Saimei Kudo
|
0-0: Foul Ball, location: 2F 0-1: Ground out 5-3 (Groundball, 56S, EV 82.5 MPH)
|
|
Batting: SHB Jason Hayes
|
0-0: Called Strike 0-1: Ball 1-1: Fly out, F9 (Flyball, 89M, EV 80.0 MPH)
|
|
Batting: RHB Vince Jackson
|
0-0: Called Strike 0-1: Ball 1-1: Ball 2-1: Swinging Strike 2-2: Ball 3-2: Foul Ball, location: 2F 3-2: Base on Balls
|
|
Batting: RHB Alex Rodriguez Jr.
|
0-0: Foul Ball, location: 2F 0-1: Ball Vince Jackson steals 2nd base 1-1: Ball 2-1: Swinging Strike 2-2: 2-RUN HOME RUN (Flyball, 7LD, EV 90.6 MPH), Distance : 347 ft
|
|
Batting: RHB Marc Peckermark
|
0-0: Ball 1-0: Fly out, F8 (Flyball, 89D, EV 92.5 MPH)
|
| Bottom of the 8th over - 2 runs, 1 hit, 0 errors, 0 left on base; New York 0 - Baltimore 4 |
| TOP OF THE 9TH |
|
New York Yankees batting - Pitching for Baltimore Orioles : RHP Bobby Marble
|
|
Pitching: LHP Brad Jonas
|
|
|
Batting: RHB Adriaan Pieters
|
0-0: Ball 1-0: Ball 2-0: Ground out 6-3 (Groundball, 6, EV 78.8 MPH)
|
|
Batting: RHB Shiro Suehiro
|
0-0: Called Strike 0-1: Ball 1-1: Ball 2-1: Swinging Strike 2-2: Foul Ball, location: 2F 2-2: Foul Ball, location: 2F 2-2: Foul Ball, location: 2F 2-2: SINGLE (Groundball, 5D, EV 101.9 MPH)
|
|
Batting: RHB Geni Prawiranega
|
0-0: Swinging Strike 0-1: Ball 1-1: SINGLE (Groundball, 56S, EV 70.6 MPH) (infield hit) Shiro Suehiro to second
|
|
Pitching: RHP Chris Dauphin
|
|
|
Batting: RHB James Boynton
|
0-0: Ball 1-0: Ball 2-0: Fly out, F3 (Popup, 3, EV 72.5 MPH)
|
|
Batting: RHB Mike Gifford
|
0-0: Ball 1-0: Fly out, F8 (Flyball, 8RD, EV 100.0 MPH)
|
| Top of the 9th over - 0 runs, 2 hits, 0 errors, 2 left on base; New York 0 - Baltimore 4 |
|